 Dungeon Crawl Stone Soup version 0.27.0-1-g7a089689b8 (webtiles) character file.

Game seed: 3678941434364713749

22 horus123 the Skirmisher (level 2, -4/24 HPs)
             Began as a Demonspawn Abyssal Knight on Aug 16, 2021.
             Was a Follower of Lugonu.
             Slain by a gnoll (9 damage)
             ... on level 2 of the Dungeon.
             The game lasted 00:01:56 (1307 turns).

horus123 the Skirmisher (Demonspawn Abyssal Knight) Turns: 1307, Time: 00:01:57

Health: -4/24      AC:  6    Str: 12    XL:     2   Next: 68%
Magic:  4/4        EV: 10    Int: 13    God:    Lugonu [*.....]
Gold:   56         SH:  0    Dex: 12    Spells: 1/1 levels left

rFire    . . .     SeeInvis .   a - +1 falchion
rCold    . . .     Faith    .   (no shield)
rNeg     . . .     Spirit   .   d - +0 ring mail
rPois    .         Reflect  .   (no helmet)
rElec    .         Harm     .   (no cloak)
rCorr    .         Rampage  .   h - +0 pair of gloves
Will     .....                  (no boots)
Stlth    +.........             (no amulet)
HPRegen  0.08/turn              (no ring)
MPRegen  0.09/turn              (no ring)

@: lethally poisoned (-4 -> -7)
A: demonic guardian 1
a: Renounce Religion, Depart the Abyss


You were on level 2 of the Dungeon.
You worshipped Lugonu.
Lugonu was aware of your devotion.
You visited 1 branch of the dungeon, and saw 2 of its levels.
You visited the Abyss 1 time.

You collected 56 gold pieces.

Inventory:

Hand Weapons
 a - a +1 falchion (weapon)
Armour
 b - a +0 leather armour
 d - a +0 ring mail (worn)
 h - a +0 pair of gloves (worn)
Scrolls
 g - a scroll of magic mapping
Potions
 e - a potion of heal wounds {unknown}
 f - a potion of berserk rage {unknown}


   Skills:
 + Level 3.4 Fighting
 + Level 2.0 Long Blades
 + Level 2.1 Armour
 + Level 0.8 Dodging
 * Level 2.9 Invocations


You had one spell level left.
You didn't know any spells.
Your spell library was empty.

Dungeon Overview and Level Annotations

Branches:
Dungeon (2/15)

Altars:


Innate Abilities, Weirdness & Mutations

A weak demonic guardian rushes to your aid.


Message History

You start putting on your armour.
You continue putting on your +0 leather armour. x5
You finish putting on your +0 leather armour.
You start removing your armour.
You continue taking off your +0 leather armour. x4
You finish taking off your +0 leather armour.
You start putting on your armour.
You continue putting on your +0 ring mail. x5
You finish putting on your +0 ring mail.
HP restored.
Found an escape hatch in the floor.
A goblin comes into view. It is wielding a +0 club.
The goblin shouts!
A rat comes into view.
A gnoll comes into view. It is wielding a +2 halberd of venom.
Found a scroll labelled RYEQ ARYOMU.
A gnoll comes into view. It is wielding a +0 spear.
The gnoll shouts!
You hear a shout!
A gnoll comes into view. It is wielding a +0 spear.
A howler monkey skeleton comes into view.
The goblin hits you with a +0 club.
The gnoll shouts!
You slash the goblin!
You kill the goblin!
Lugonu accepts your kill. The gnoll hits you but does no damage.
A worm comes into view.
The gnoll hits you from afar with a +2 halberd of venom.
You are poisoned.
You feel very sick.
You feel sick.
You feel sick. The rat bites you but does no damage.
You feel sick.
You feel sick.
You hit the rat.
You kill the rat!
Lugonu accepts your kill.
You feel sick.
The gnoll hits you from afar with a +2 halberd of venom!
You die...

..... #..>. .#
#.... .# ...# ..#
#..# ...# #..#
#######...##
#..###...........
###
#...@†g..........
<.#
##.###...gg....?.
#.# #.#
#####Z.....w #.#
#.# ....... #.#
#.# .#..... #.#
#.# .#...#. ..#
#.# g# .... ..#
#.# Zg ...
#.############.#
.# #..


You could see 3 gnolls and a howler monkey skeleton.

Vanquished Creatures
  A dart slug (D:1)
  2 ball pythons (D:1)
  A bat (D:1)
  2 goblins
  4 hobgoblins (D:1)
  2 jackals (D:2)
  3 kobolds (D:1)
  3 rats
18 creatures vanquished.

Notes
Turn   | Place    | Note
-------+----------+-------------------------------------------
     0 | Abyss:1  | horus123 the Demonspawn Abyssal Knight began the quest for
                  | the Orb.
     0 | Abyss:1  | Reached XP level 1. HP: 18/18 MP: 2/2
     1 | Abyss:1  | Found a corrupted altar of Lugonu.
    11 | D:1      | Escaped the Abyss
   284 | D:1      | Noticed a golden eye
   285 | D:1      | Found a faded altar of an unknown god.
   289 | D:1      | Gained mutation: A weak demonic guardian rushes to your
                  | aid. [demonic ancestry]
   289 | D:1      | Reached XP level 2. HP: 22/24 MP: 4/4
   292 | D:1      | Noticed an eye of devastation
   292 | D:1      | Noticed a shining eye
   292 | D:1      | Noticed a golden eye
  1307 | D:2      | Slain by a gnoll

Illustrated notes

Levels and vault maps discovered:
D:1:      nzn_arrival_water_spiral, layout_loops_ring,
          hellmonk_ecumenical_altar_watching_god, moated_statue
D:2:      layout_loops_cross, basic_altar

Skill      XL: |  1  2 |
---------------+-------+-----
Armour         | 2 |  2.1
Long Blades    | 2 |  2.0
Fighting       | |  3.4
Dodging        | |  0.8
Invocations    | |  2.9

Action                   || total
-------------------------++-------
Melee: Falchion          ||    55
  Use: Scroll            ||     1
Armor: Leather armour    ||     8
       Ring mail         ||    20
Dodge: Dodged            ||    29
       Rpst.: Falchion   ||    10
